 Dungeon Crawl Stone Soup version 0.30-a0-540-g0af01429fa (webtiles) character file.

Game seed: 1073901399208389337

343 arthad the Digger (level 6, -1/35 HPs)
             Began as a Gargoyle Earth Elementalist on Dec 25, 2022.
             Slain by a river rat (3 damage)
             ... in a sewer.
             The game lasted 00:05:49 (2156 turns).

arthad the Digger (Gargoyle Earth Elementalist)     Turns: 2156, Time: 00:05:50

Health: -1/35      AC:  7    Str: 10    XL:     6   Next: 57%
Magic:  8/19       EV: 12    Int: 22    God:
Gold:   95         SH:  0    Dex:  9    Spells: 7/11 levels left

rFire   . . .      SeeInvis .    q - +1 scythe (venom)
rCold   . . .      Faith    .    (shield currently unavailable)
rNeg    + . .      Spirit   .    a - +0 robe
rPois   ∞          Reflect  .    (no helmet)
rElec   +          Harm     .    (no cloak)
rCorr   .          Rampage  .    r - +0 pair of gloves
Will    .....                    (no boots)
Stlth   ++                       (no amulet)
HPRegen 0.25/turn                g - ring of magical power
MPRegen 0.16/turn                (no ring)

@: no status effects
A: sickness immunity, AC +4, negative energy resistance 1, electricity
resistance, torment resistance 1, petrification resistance, clever 1,
deterioration 1, noise suppression
a: no special abilities


You were in a sewer.
You visited 1 branch of the dungeon, and saw 3 of its levels.
You also visited: Sewer.

You collected 95 gold pieces.

Inventory:

Hand Weapons
 q - a +1 scythe of venom (weapon)
Armour
 a - a +0 robe (worn)
 k - a +0 kite shield
 r - a +0 pair of gloves (worn)
Jewellery
 g - a ring of magical power (left hand)
 m - a ring of fire
Scrolls
 e - a scroll of amnesia {unknown}
 f - 3 scrolls of identify {unknown}
 l - 3 scrolls of vulnerability {unknown}
 o - a scroll of teleportation {unknown}
 p - a scroll of magic mapping {unknown}
Potions
 b - a potion of magic
 c - 2 potions of flight {unknown}
 d - 2 potions of curing {unknown}
 h - a potion of attraction {unknown}
 i - a potion of berserk rage {unknown}
 j - 2 potions of mutation
 n - a potion of degeneration {unknown}


   Skills:
 + Level 1.8 Fighting
 + Level 2.0 Armour
 + Level 2.2 Dodging
 + Level 3.2 Stealth
 * Level 3.0 Spellcasting
 * Level 2.5 Conjurations
 + Level 1.5 Transmutations
 * Level 4.9 Earth Magic


You had 7 spell levels left.
You knew the following spells:

 Your Spells              Type           Power      Damage    Failure   Level
a - Sandblast             Erth           50%        2d12      1%          1
b - Stone Arrow           Conj/Erth      38%        3d9       8%          3

Your spell library contained the following spells:

 Spells                   Type           Power      Damage    Failure   Level
 Passwall                 Tmut/Erth      14%        N/A       4%          2
 Freeze                   Ice            12%        1d3       12%         1
 Hailstorm                Conj/Ice       8%         3d4       22%         3
 Petrify                  Tmut/Erth      17%        N/A       32%         4
 Frozen Ramparts          Ice            6%         1d1       36%         3
 Yara's Violent Unravell  Hex/Tmut       3%         3d4       94%         5
 Enfeeble                 Hex            1%         N/A       100%        7


Dungeon Overview and Level Annotations

Branches:
Dungeon (3/15)              Sewer (1/1)

Altars:
Elyvilon

Annotations:
D:3 3 runed translucent doors, IdlyInterested's ghost, weakling DsFi; Newt's ghost, amateur DsGl; innerfire433's ghost, amateur DsMo; shukka's ghost, amateur MiBe; xian's ghost, amateur TrGl


Innate Abilities, Weirdness & Mutations

You are immune to sickness and miasma.
Your stone body is resilient. (AC +4)
You are immune to poison.
You resist negative energy. (rN+)
You are resistant to electric shocks. (rElec)
You are resistant to unholy torment.
You are immune to petrification.
Your mind is acute. (Int +4, Str/Dex -1)
Your body sometimes deteriorates upon taking damage.
You passively dampen the noise of your surroundings.


Message History

Aim: a river rat (81% to hit)
The blast of sand hits the river rat.
The river rat is lightly wounded.
The river rat misses you. The rat misses you.
The river rat bites you but does no damage.
Aiming: Sandblast (safe; 2% risk of failure)
Press: ? - help, Q - select action Shift-Dir - straight line, f/p - river rat
Aim: a river rat (81% to hit)
The blast of sand misses the river rat.
The rat bites you but does no damage. The river rat barely misses you.
The rat splashes around in the water.
Aiming: Sandblast (safe; 2% risk of failure)
Press: ? - help, Q - select action Shift-Dir - straight line, f/p - river rat
Aim: a river rat (81% to hit)
The blast of sand misses the river rat.
The river rat bites you but does no damage.
The rat barely misses you. The river rat barely misses you.
Aiming: Sandblast (safe; 2% risk of failure)
Press: ? - help, Q - select action Shift-Dir - straight line, f/p - river rat
Aim: a river rat (81% to hit)
The blast of sand misses the river rat.
The rat bites you but does no damage.
The river rat twitches its whiskers.
The river rat bites you but does no damage.
The rat bites you.
* * * LOW HITPOINT WARNING * * *
Aiming: Sandblast (safe; 2% risk of failure)
Press: ? - help, Q - select action Shift-Dir - straight line, f/p - river rat
Aim: a river rat (81% to hit)
The blast of sand hits the river rat.
The river rat is moderately wounded.
The river rat bites you but does no damage.
The rat bites you but does no damage. The river rat bites you.
* * * LOW HITPOINT WARNING * * *
Unknown command.
It was a potion of mutation.
You feel extremely strange.
You feel yourself wasting away.
You feel clever.
You feel your surroundings grow quieter.
The rat splashes around in the water.
The river rat bites you.
You die...

#.~~≈≈≈~~.....##
#~~~≈≈~~.....# ..
##.~~~~~....÷##
..##..~≈≈†~.....####
......~≈~~.....###∩#
#.....~≈≈~.....###.#
#.....~~≈~......#..#
#.....~≈~†........##
#.....~~~†@......##
......~~≈rr.....##
......~~~~~~....##
..#..~~≈≈~≈~.....#
##.~≈~≈≈~~.....##
#.~~≈≈≈~~...#..#
...~≈≈≈≈~~..###.#
....~~≈≈≈≈~..###∩#
....~~≈≈≈≈~...####


You could see a river rat and a rat.

Vanquished Creatures
  Sigmund (D:3)
  4 adders
  8 river rats
  A worm (D:3)
  2 dart slugs
  10 endoplasms
  3 giant cockroaches
  3 goblins
  A hobgoblin (D:2)
  3 jackals (D:2)
  11 kobolds
  A quokka (D:1)
  6 ball pythons
  2 bats (D:1)
  2 frilled lizards
  14 rats
72 creatures vanquished.

Notes
Turn   | Place    | Note
-------+----------+-------------------------------------------
     0 | D:1      | arthad the Gargoyle Earth Elementalist began the quest for
                  | the Orb.
     0 | D:1      | Reached XP level 1. HP: 10/10 MP: 3/3
   238 | D:1      | Reached XP level 2. HP: 16/16 MP: 5/5
   668 | D:2      | Reached skill level 1 in Armour
   689 | D:2      | Reached XP level 3. HP: 20/20 MP: 6/6
   744 | D:2      | Learned a level 3 spell: Stone Arrow
   773 | D:2      | Reached skill level 1 in Conjurations
   773 | D:2      | Reached skill level 4 in Earth Magic
   883 | D:2      | Reached skill level 1 in Transmutations
  1034 | D:2      | Reached XP level 4. HP: 24/24 MP: 7/7
  1177 | D:2      | Reached skill level 1 in Fighting
  1438 | D:3      | Noticed Sigmund
  1444 | D:3      | Killed Sigmund
  1445 | D:3      | Reached XP level 5. HP: 28/29 MP: 7/9
  1445 | D:3      | Reached XP level 6. HP: 33/34 MP: 7/10
  1592 | D:3      | Found a white marble altar of Elyvilon.
  1618 | D:3      | Found a runed translucent gate.
  1618 | D:3      | Found a runed translucent gate.
  1618 | D:3      | Found a runed translucent gate.
  1620 | D:3      | Noticed innerfire433's ghost (amateur DsMo)
  1620 | D:3      | Noticed Newt's ghost (amateur DsGl)
  1622 | D:3      | Noticed shukka's ghost (amateur MiBe)
  1623 | D:3      | Noticed IdlyInterested's ghost (weakling DsFi)
  1623 | D:3      | Noticed xian's ghost (amateur TrGl)
  1883 | D:3      | Found a glowing drain.
  1887 | Sewer    | Entered a sewer
  2156 | Sewer    | Gained mutation: Your body sometimes deteriorates upon
                  | taking damage. [potion of mutation]
  2156 | Sewer    | Gained mutation: Your mind is acute. (Int +4, Str/Dex -1)
                  | [potion of mutation]
  2156 | Sewer    | Gained mutation: You passively dampen the noise of your
                  | surroundings. [potion of mutation]
  2156 | Sewer    | Slain by a river rat

Illustrated notes

Levels and vault maps discovered:
D:1:      lemuel_arrival_lava_pool, layout_basic
D:2:      layout_loops_ring, minmay_misc_feat_tower
D:3:      layout_basic, elyvilon_altar_5, lemuel_coloured_pillars_altar,
          lightli_sewer_entry_pipes, gammafunk_ghost_cemetery,
          minmay_strange_pillars, minmay_liquid_box, st_stairs_8, uniq_jessica,
          uniq_sigmund
Sewer:    sewer_minmay_treatment

Skill      XL: |  1  2  3  4  5  6 |
---------------+-------------------+-----
Armour         | 1 2 |  2.0
Conjurations   | 1 2 |  2.5
Earth Magic    | 4 |  4.9
Transmutations | 1 |  1.5
Fighting       | 1 |  1.8
Dodging        | 2 |  2.2
Stealth        | 3 |  3.2
Spellcasting   | 3 |  3.0

Action                   |  1- 3 |  4- 6 || total
-------------------------+-------+-------++-------
Melee: Unarmed           |     2 |       ||     2
       Halberd           |       |     7 ||     7
 Cast: Sandblast         |    41 |    85 ||   126
       Stone Arrow       |       |     1 ||     1
  Use: Potion            |       |     1 ||     1
Armor: Robe              |     3 |    34 ||    37
Dodge: Dodged            |     6 |    64 ||    70

Table legend: (Time is in decaauts)
 A = Elapsed time spent in this place.
 B = Non-inter-level travel time spent in this place.
 C = Inter-level travel time spent in this place.
 D = Time resting spent in this place.
 E = Time spent auto-exploring this place.
 F = Levels seen in this place.
 G = Mean time per level.
                   A        B        C        D        E       F      G
               +--------+--------+--------+--------+--------+-----+--------+
         Total |   2242 |   2213 |     29 |    148 |   1639 |   4 |  560.5 |
       Dungeon |   1946 |   1917 |     29 |    148 |   1449 |   3 |  648.7 |
         Sewer |    295 |    295 |      0 |      0 |    190 |   1 |  295.0 |
               +--------+--------+--------+--------+--------+-----+--------+

Top non-repeatable levels by time:
     D:2: 786 daAuts
     D:1: 675 daAuts
     D:3: 484 daAuts
   Sewer: 295 daAuts
